 Dungeon Crawl Stone Soup version 0.24.0-123-gd5b16e6ec5 (webtiles) character file.

Game seed: 3171383246298437308, levelgen mode: deterministic

2027 FishyPogo the Skirmisher (level 9, -1/71 HPs)
             Began as a Demonspawn Gladiator on Jan 4, 2020.
             Was a Follower of Okawaru.
             Slain by an orc warrior
             ... wielding a +0 trident
              (7 damage)
             ... on level 7 of the Dungeon.
             The game lasted 00:15:41 (6497 turns).

FishyPogo the Skirmisher (Demonspawn Gladiator)     Turns: 6497, Time: 00:15:42

Health: -1/71      AC:  9    Str: 28    XL:     9   Next: 3%
Magic:  9/9        EV: 14    Int: 11    God:    Okawaru [*.....]
Gold:   431        SH:  0    Dex: 21    Spells: 8/8 levels left

rFire    . . .     SeeInvis .   D - +10 dagger "Pelorph" {pierce, *Corrode rElec MR+ Str+6}
rCold    . . .     Gourm    .   (no shield)
rNeg     . . .     Faith    .   G - +2 scale mail {MR+}
rPois    .         Spirit   .   J - +0 hat of the Tundras {rElec Dex+3} (curse)
rElec    +         Reflect  .   (no cloak)
rCorr    .         Harm     .   z - +0 pair of gloves
MR       ++...                  (no boots)
Stlth    +++.......             (no amulet)
HPRegen  0.21/turn              C - +4 ring of dexterity
MPRegen  0.11/turn              (no ring)

@: mighty, corroded
A: claws 1, icy blue scales 2, nightstalker 1, rot immunity
a: Heroism, Renounce Religion


You were on level 7 of the Dungeon.
You worshipped Okawaru.
Okawaru was aware of your devotion.
You were not hungry.

You visited 2 branches of the dungeon, and saw 8 of its levels.
You also visited: Sewer.

You collected 431 gold pieces.

Inventory:

Hand Weapons
 a - a +1 long sword
 v - the +3 trident "Engeren" {freeze, +Rage rC+ rN++, unknown}
   (You found it in a sewer)

   It has been specially enchanted to freeze those struck by it, causing extra
   injury to most foes and up to half again as much damage against particularly
   susceptible opponents.
   It can also slow down cold-blooded creatures.
   It protects you from cold.
   It greatly protects you from negative energy.
   It lets you go berserk.
 A - a +2 antimagic falchion
 B - a +0 dagger of venom
 D - the +10 dagger "Pelorph" (weapon) {pierce, *Corrode rElec MR+ Str+6}
   (You found it on level 5 of the Dungeon)

   It inflicts extra damage upon your enemies.
   It affects your strength (+6).
   It insulates you from electricity.
   It affects your resistance to hostile enchantments.
   It may corrode you when you take damage.
Missiles
 d - 3 throwing nets
 m - 212 stones (quivered)
 o - 3 boomerangs
 y - 68 poisoned darts
Armour
 c - a +0 helmet
 s - a +3 ring mail of poison resistance
 z - a +0 pair of gloves (worn)
 G - a +2 scale mail of magic resistance (worn)
 I - a +0 shield
 J - the cursed +0 hat of the Tundras (worn) {rElec Dex+3}
   (You found it on level 7 of the Dungeon)

   It affects your dexterity (+3).
   It insulates you from electricity.
   It has a curse placed upon it.
Jewellery
 C - a +4 ring of dexterity (left hand)
Wands
 b - a wand of paralysis (8)
Scrolls
 g - 3 scrolls of enchant weapon
 h - a scroll of amnesia {unknown}
 j - a scroll of fear
 k - 4 scrolls of identify
 q - a scroll of fog
 r - 6 scrolls of remove curse
 x - a scroll of magic mapping {unknown}
 H - a scroll of immolation {unknown}
Potions
 e - a potion of cancellation
 i - 5 potions of curing {unknown}
 l - a potion of might
 n - 2 potions of flight {unknown}
 p - 2 potions of heal wounds {unknown}
 t - 4 potions of haste
 u - 3 potions of magic {unknown}
 w - 2 potions of brilliance {unknown}
 E - a potion of berserk rage {unknown}
 F - a potion of ambrosia {unknown}
Comestibles
 f - 10 rations
 K - 13 chunks of flesh


   Skills:
 * Level 6.4 Fighting
 * Level 3.3(3.9) Short Blades
 - Level 3.0(3.7) Long Blades
 - Level 2.0 Throwing
 * Level 5.7 Armour
 + Level 4.9 Dodging
 * Level 4.3 Stealth
 + Level 0.0 Invocations


You had 8 spell levels left.
You didn't know any spells.
Your spell library contained the following spells:

 Spells                   Type           Power        Failure   Level  Hunger
 Confusing Touch          Hex            #.....       58%         1    ##.....
 Confuse                  Hex            #.......     91%         3    ####...
 Gell's Gravitas          Tloc           #.........   91%         3    ####...
 Petrify                  Tmut/Erth      #.......     100%        4    #####..
 Metabolic Englaciation   Hex/Ice        #.........   100%        5    ######.
 Yara's Violent Unravell  Hex/Tmut       #.........   100%        5    ######.


Dungeon Overview and Level Annotations

Branches:
Dungeon (7/15)             Temple (1/1) D:4           Sewer (visited)

Altars:
Ashenzari
Cheibriados
Elyvilon
Gozag
Hepliaklqana
Makhleb
Nemelex Xobeh
Okawaru
Yredelemnul


Innate Abilities, Weirdness & Mutations

You have sharp fingernails.
You are mostly covered in icy blue scales. (AC +3)
You are slightly more attuned to the shadows.
You are immune to rotting.


Message History

The orc warrior completely misses you.
You hit the orc warrior but do no damage.
The orc warrior is lightly wounded.
You hit the orc warrior.
The orc warrior is moderately wounded.
The orc warrior closely misses you.
You hit the orc warrior.
The orc warrior is heavily wounded.
The orc warrior hits you with a +0 trident!
* * * LOW HITPOINT WARNING * * *
You hit the orc warrior but do no damage.
The orc warrior is heavily wounded.
You hit the orc warrior.
The orc warrior is severely wounded.
The orc warrior hits you with a +0 trident!
* * * LOW HITPOINT WARNING * * *
It was a potion of might.
You feel very mighty all of a sudden.
The orc warrior hits you with a +0 trident!
You die...

#.#. #.#. #.#. #...
######### ##...
#.......####...#
#.#####.#......#
#####.#.....#....#.#
.
#.o@..#.#####.##.#.#
.o #.#####.....#
#..#.. ... #.#
#####.###..### .o..
#.# #...#..#
.o...##.# ###.#..#
.>......#
######)รท..#.#
####.####
#.....))...)# #
#...........#
#...........#


You could see an orc warrior.

Vanquished Creatures
  A troll (D:5)
  Prince Ribbit (D:6)
  2 sky beasts (D:6)
  An ogre (D:4)
  A phantom (D:4)
  A necrophage (D:5)
  A gnoll sergeant (D:5)
  A howler monkey (D:4)
  2 crimson imps (D:5)
  5 hounds
  3 bullfrog skeletons
  2 orc priests
  6 orc wizards
  3 worker ants
  Terence (D:2)
  2 iguanas (D:5)
  A hound skeleton (D:6)
  A worker ant zombie (D:6)
  3 gnolls (D:5)
  17 adders
  3 river rats (Sewer)
  An ooze (D:2)
  4 worms
  2 dart slugs (D:2)
  A leopard gecko (D:3)
  22 orcs
  4 giant cockroaches
  8 goblins
  13 hobgoblins
  16 jackals
  6 kobolds
  4 quokkas
  9 ball pythons
  A ball python zombie (D:5)
  7 bats
  13 frilled lizards
  A jackal zombie (D:6)
  A leopard gecko zombie (D:5)
  A quokka zombie (D:6)
  16 rats
188 creatures vanquished.

Notes
Turn   | Place    | Note
-------+----------+-------------------------------------------
     0 | D:1      | FishyPogo the Demonspawn Gladiator began the quest for the
                  | Orb.
     0 | D:1      | Reached XP level 1. HP: 16/16 MP: 1/1
   102 | D:1      | Gained mutation: You have sharp fingernails. [demonic
                  | ancestry]
   102 | D:1      | Reached XP level 2. HP: 12/22 MP: 2/2
   237 | D:1      | Reached skill level 1 in Armour
   487 | D:1      | Gained mutation: You are immune to rotting. [demonic
                  | ancestry]
   487 | D:1      | Reached XP level 3. HP: 22/28 MP: 3/3
   714 | D:2      | Found a basalt altar of Yredelemnul.
   914 | D:2      | Found a shattered altar of Ashenzari.
  1032 | D:2      | Reached skill level 3 in Fighting
  1032 | D:2      | Reached XP level 4. HP: 25/35 MP: 4/4
  1069 | D:2      | Noticed Terence
  1144 | D:2      | Killed Terence
  1256 | D:2      | Gained mutation: You are partially covered in icy blue
                  | scales. (AC +2) [demonic ancestry]
  1256 | D:2      | Reached XP level 5. HP: 33/41 MP: 5/5
  2127 | D:3      | Gained mutation: You are slightly more attuned to the
                  | shadows. [demonic ancestry]
  2127 | D:3      | Reached XP level 6. HP: 15/48 MP: 6/6
  2137 | D:3      | Found a glowing drain.
  2151 | Sewer    | Entered a sewer
  2325 | Sewer    | Reached skill level 4 in Fighting
  2414 | Sewer    | Got a steaming trident
  2784 | D:4      | Reached skill level 1 in Stealth
  2905 | D:4      | Reached XP level 7. HP: 7/55 MP: 7/7
  3352 | D:4      | Found a staircase to the Ecumenical Temple.
  3380 | Temple   | Entered the Ecumenical Temple
  3393 | Temple   | Became a worshipper of Warmaster Okawaru
  3655 | D:4      | Reached skill level 5 in Fighting
  3863 | D:5      | Entered Level 5 of the Dungeon
  3884 | D:5      | Got a brightly glowing dagger
  3884 | D:5      | Identified the +10 dagger "Pelorph" {pierce, *Corrode rElec
                  | MR+ Str+6} (You found it on level 5 of the Dungeon)
  4143 | D:5      | Reached skill level 1 in Short Blades
  4185 | D:5      | Noticed a troll
  4197 | D:5      | Killed a troll
  4197 | D:5      | Gained mutation: You are mostly covered in icy blue scales.
                  | (AC +3) [demonic ancestry]
  4197 | D:5      | Reached XP level 8. HP: 18/63 MP: 8/8
  4313 | D:5      | Reached skill level 5 in Armour
  4365 | D:5      | Reached * piety under Okawaru
  5158 | D:6      | Found a hazy altar of Hepliaklqana.
  5165 | D:6      | Reached skill level 6 in Fighting
  5256 | D:6      | Noticed Prince Ribbit
  5403 | D:6      | Found a burning altar of Makhleb.
  5760 | D:6      | Found a snail-covered altar of Cheibriados.
  6173 | D:6      | Killed Prince Ribbit
  6241 | D:7      | Got a pitted hat
  6252 | D:7      | Identified the cursed +0 hat of the Tundras {rElec Dex+3}
                  | (You found it on level 7 of the Dungeon)
  6408 | D:7      | Reached XP level 9. HP: 70/70 MP: 9/9
  6497 | D:7      | Slain by an orc warrior

Levels and vault maps discovered:
D:1:      psy_arrival_statuary, layout_loops_ring,
          wander_ebering_terrifying_dragon_lair
D:2:      layout_basic, old_standard_altar, lemuel_crystal_altar,
          hangedman_decor_push, grunt_ministairs_14, kennysheep_flooded_box,
          uniq_terence
D:3:      layout_basic, first_ration, cheibrodos_sewer_entry_bend
D:4:      layout_loops_cross, minmay_temple_entry_glassed_door
D:5:      layout_layer_cave
D:6:      layout_loops_ring, old_standard_altar, overflow_temple_1_default,
          overflow_temple_1_default, hangedman_glass_teeth, uniq_prince_ribbit1
D:7:      layout_basic, grunt_livestock
Temple:   eino_temple_scatter_basement

Skill      XL: |  1  2  3  4  5  6  7  8 |
---------------+-------------------------+-----
Throwing       | 2 |  2.0
Armour         | 1 2 3 4 5 |  5.7
Long Blades    | 3 |  3.0
Dodging        | 3 4 |  4.9
Fighting       | 3 4 5 6 |  6.4
Stealth        | 1 2 4 |  4.3
Short Blades   | 1 3 |  3.3

Action                   |  1- 3 |  4- 6 |  7- 9 || total
-------------------------+-------+-------+-------++-------
Melee: Long sword        |   103 |   314 |     7 ||   424
       Dagger            |       |       |   211 ||   211
       Falchion          |       |       |    28 ||    28
Throw: Stone             |       |    23 |    31 ||    54
  Use: Scroll            |       |     8 |       ||     8
       Potion            |       |       |     1 ||     1
 Stab: Sleeping          |     2 |     3 |     3 ||     8
  Eat: Chunk             |     1 |     7 |    11 ||    19
Armor: Leather armour    |    41 |    11 |       ||    52
       Ring mail         |       |   185 |    57 ||   242
       Scale mail        |       |       |    40 ||    40
Dodge: Dodged            |    86 |   252 |   155 ||   493
       Rpst.: Long sword |    32 |    80 |     1 ||   113
       Falchion          |       |       |     4 ||     4
